 Dungeon Crawl Stone Soup version 0.24-a0-201-gf205589 (webtiles) character file.

Game seed: 9070273779161679088

49 emperorscorpion the Shield-Bearer (level 3, 0/20 HPs)
             Began as a Vine Stalker Fighter on Mar 20, 2019.
             Succumbed to an adder's poison
             ... on level 1 of the Dungeon.
             The game lasted 00:01:53 (1250 turns).

emperorscorpion the Shield-Bearer (VSFi)            Turns: 1250, Time: 00:01:54

Health: 0/20       AC:  6    Str: 24    XL:     3   Next: 75%
Magic:  1/4        EV:  7    Int:  8    God:
Gold:   64         SH:  9    Dex: 13    Spells: 2/2 levels left

rFire    . . .     SeeInvis .   a - +0 rapier
rCold    . . .     Gourm    .   c - +0 shield
rNeg     . . .     Faith    .   b - +0 scale mail
rPois    .         Spirit   +   (no helmet)
rElec    .         Reflect  .   (no cloak)
rCorr    .         Harm     .   (no gloves)
MR       .....                  (no boots)
Stlth    ..........             (no amulet)
HPRegen  0.06/turn              (no ring)
MPRegen  0.09/turn              (no ring)

@: mighty, lethally poisoned (0 -> -5)
A: fangs 2, magic shield, antimagic bite, no potion heal 3, rot immunity
a: no special abilities


You were on level 1 of the Dungeon.
You were not hungry.

You visited 1 branch of the dungeon, and saw 2 of its levels.

You collected 64 gold pieces.

Inventory:

Hand Weapons
 a - a +0 rapier (weapon)
Missiles
 h - 6 curare-tipped needles
Armour
 b - a +0 scale mail (worn)
 c - a +0 shield (worn)
Scrolls
 e - a scroll of teleportation {unknown}
 i - a scroll of identify {unknown}
Comestibles
 f - a ration


   Skills:
 + Level 3.1 Fighting
 + Level 2.3 Short Blades
 + Level 2.6 Armour
 + Level 0.1 Dodging
 + Level 3.2 Shields


You had 2 spell levels left.
You didn't know any spells.
Your spell library was empty.

Dungeon Overview and Level Annotations

Branches:
Dungeon (2/15)

Altars:
Yredelemnul


Innate Abilities, Weirdness & Mutations

You have extremely sharp teeth.
When hurt, damage is shared between your health and your magic reserves.
Your bite disrupts and absorbs the magic of your enemies.
Potions cannot restore your health.
You are immune to rotting.


Message History

The adder is lightly wounded.
You feel less invigorated.
You feel less confused. The bat hits you but does no damage.
You block the adder's attack. x2
You barely miss the adder.
The adder is lightly wounded.
The bat hits you but does no damage. The adder barely misses you.
You hit the adder. Your bite misses the adder.
The adder is severely wounded.
* * * LOW HITPOINT WARNING * * *
You feel sick. The bat barely misses you. The adder bites you.
* * * LOW HITPOINT WARNING * * *
The bat hits you but does no damage. You block the adder's attack.
You miss the adder. You bite the adder.
You kill the adder!
The bat barely misses you.
You hit the bat.
You kill the bat!
You feel very mighty all of a sudden.
You die...

#.# #........########.....# #.#
#........#............# #.#
#........#.......###... #.#
#........'.............
#####'#####.#...###.......##....
#........##.#...# #.......##..##
#........##.....# #.............
##........##.....###........#..##
................@................
.#........##......(..............
.#####'#####.........########..##
.# #)# #.........# ###....
.#####.#####.........# ###......
.....................# ##...#####
.#####.####..........###..####..#
.# #.# #...###....#...####.#..
.#####.####...# #####..###..###..


There were no monsters in sight!

Vanquished Creatures
  An adder (D:1)
  An ooze (D:1)
  2 dart slugs (D:1)
  2 leopard geckos (D:1)
  2 giant cockroaches (D:1)
  A hobgoblin (D:1)
  4 jackals (D:1)
  2 bats (D:1)
  A frilled lizard (D:1)
  3 goblins (D:1)
  8 kobolds (D:1)
  3 rats (D:1)
30 creatures vanquished.

Notes
Turn   | Place    | Note
-------+----------+-------------------------------------------
     0 | D:1      | emperorscorpion the Vine Stalker Fighter began the quest
                  | for the Orb.
     0 | D:1      | Reached XP level 1. HP: 11/11 MP: 2/2
   308 | D:1      | Reached XP level 2. HP: 16/16 MP: 3/3
   658 | D:1      | Reached XP level 3. HP: 20/20 MP: 4/4
  1226 | D:2      | Found a basalt altar of Yredelemnul.
  1247 | D:1      | HP: 1/20 [adder (1)]
  1250 | D:1      | Succumbed to an adder's poison

Levels and vault maps discovered:
D:1:      arrival_zaba_pyramid, layout_basic
D:2:      layout_loops_ring, lemuel_doored_altar

Skill      XL: |  1  2 |
---------------+-------+-----
Fighting       | 3 |  3.1
Shields        | 3 |  3.2
Short Blades   | 2 |  2.3
Armour         | |  2.6
Dodging        | |  0.1

Action                   || total
-------------------------++-------
Melee: Rapier            ||    85
       Bite              ||    22
  Use: Scroll            ||     2
       Potion            ||     2
  Eat: Chunk             ||     1
Armor: Scale mail        ||    56
Dodge: Dodged            ||    32
Block: Shield            ||    66

Table legend:
 A = Non-vault XP
 B = Vault XP
 C = Vault XP percentage of total XP
 D = Non-vault monster count
 E = Vault monster count
 F = Vault count percentage of total count
                 A         B        C        D         E       F
            +---------+---------+-------+---------+---------+-------
      Total |      70 |       0 |   0.0 |      30 |       0 |   0.0
            +---------+---------+-------+---------+---------+-------
        D:1 |      70 |       0 |   0.0 |      30 |       0 |   0.0
            +---------+---------+-------+---------+---------+-------
